 Dungeon Crawl Stone Soup version 0.19-a0-1168-g98094fc (webtiles) character file.

8531 PurpleRed the Destroyer (level 11, -2/54 HPs)
             Began as a Deep Elf Conjurer on Aug 15, 2016.
             Was an Elder of Vehumet.
             Slain by a six-headed hydra (17 damage)
             ... on level 11 of the Dungeon.
             The game lasted 00:52:02 (7501 turns).

PurpleRed the Destroyer (Deep Elf Conjurer)         Turns: 7501, Time: 00:52:03

Health: -2/54      AC: 10    Str:  5    XL:     11   Next: 11%
Magic:  1/28       EV: 18    Int: 24    God:    Vehumet [****..]
Gold:   571        SH:  0    Dex: 20    Spells: 5 memorised, 19 levels left

rFire  . . .     SeeInvis .     q - +1 dagger (elec)
rCold  . . .     Gourm    .     t - +2 robe {Archmagi}
rNeg   . . .     Faith    .     (no shield)
rPois  +         Spirit   .     (no helmet)
rElec  .         Dismiss  .     f - +2 cloak
rCorr  .         Reflect  .     (no gloves)
MR     ++...     Harm     .     h - +2 pair of boots
Stlth  +++.......               r - amulet of regeneration
                                v - ring of poison resistance
                                B - ring of protection from magic

@: agile, very slightly contaminated, hasted (expiring), invisible, very quick
A: no striking features
a: Renounce Religion


You were on level 11 of the Dungeon.
You worshipped Vehumet.
Vehumet was greatly pleased with you.
You were hungry.

You visited 3 branches of the dungeon, and saw 13 of its levels.

You collected 571 gold pieces.

Inventory:

Hand Weapons
 k - a +4 shortbow
 q - a +1 dagger of electrocution (weapon)
 M - a +3 dagger of venom
Missiles
 p - 64 arrows
Armour
 f - a +2 cloak (worn)
 h - a +2 pair of boots (worn)
 t - a +2 robe of the Archmagi (worn)
 A - the +1 leather armour of Listlessness {rPois MR+}
   (You found it on level 4 of the Dungeon)

   It protects you from poison.
   It affects your resistance to hostile enchantments.
Jewellery
 i - the ring "Icunned" {Ice rPois Int+3}
   (You found it on level 10 of the Dungeon)

   [ring of ice]

   It enhances your ice magic.
   It affects your intelligence (+3).
   It makes you vulnerable to fire.
   It protects you from cold.
   It protects you from poison.
 r - an amulet of regeneration (around neck)
 v - a ring of poison resistance (right hand)
 B - a ring of protection from magic (left hand)
Wands
 a - a wand of enslavement (0/24)
 o - a wand of acid (8/15)
Scrolls
 g - 3 scrolls of remove curse
 s - a scroll of recharging
 y - a scroll of enchant armour
 D - 2 scrolls of amnesia
 K - 2 scrolls of fog
Potions
 d - a potion of cure mutation
 e - 5 potions of haste
 j - a potion of ambrosia {unknown}
 n - 2 potions of berserk rage
 x - a potion of lignification
 E - 2 potions of curing
 H - a potion of resistance {unknown}
 I - a potion of flight
Books
 b - a book of Conjurations

   Spells                             Type                      Level
   a - Magic Dart                     Conjuration                  1
   b - Searing Ray                    Conjuration                  2
   c - Dazzling Spray                 Conjuration/Hexes            3
   d - Fulminant Prism                Conjuration/Hexes            4
   e - Iskenderun's Mystic Blast      Conjuration                  4
   f - Iskenderun's Battlesphere      Conjuration/Charms           5
Comestibles
 c - 5 bread rations
 m - 6 meat rations
 z - 7 royal jellies
 C - 11 fruits
 G - a beef jerky


   Skills:
 - Level 2.4 Dodging
 - Level 2.4 Stealth
 + Level 11.8 Spellcasting
 * Level 14.0 Conjurations
 - Level 6.0 Charms
 * Level 6.6 Fire Magic


You had 19 spell levels left.
You knew the following spells:

 Your Spells              Type           Power        Failure   Level  Hunger
a - Magic Dart            Conj           ####         0%          1    None
b - Searing Ray           Conj           ######       1%          2    None
c - Iskenderun's Mystic   Conj           #######.     1%          4    None
d - Iskenderun's Battles  Conj/Chrm      #######.     1%          5    ###....
e - Throw Flame           Conj/Fire      ######       1%          2    None


Dungeon Overview and Level Annotations

Branches:
Dungeon (11/15)            Temple (1/1) D:5            Lair (1/6) D:9
    Orc: D:9-12

Altars:
Ashenzari
Cheibriados
Dithmenos
Elyvilon
Fedhas
Gozag
Hepliaklqana
Kikubaaqudgha
Makhleb
Nemelex Xobeh
Okawaru
Pakellas
Qazlal
Ru
Sif Muna
Trog
Uskayaw
Vehumet
Xom
Yredelemnul
Zin
The Shining One

Annotations:
D:11 PurpleRed's ghost, journeyman HuBe


Message History

Your +2 pair of boots unmelds from your body.
Your +2 robe of the Archmagi unmelds from your body.
You feel powerful.
Your extra speed is starting to run out.
Casting: Magic Dart
Confirm with . or Enter, or press ? or * to list all spells.
Aiming: Magic Dart
Press: ? - help, Shift-Dir - straight line, f - six-headed hydra
Aim: a six-headed hydra (hasn't noticed you)
You feel a surge of power!
The magic dart hits the six-headed hydra.
The six-headed hydra is lightly wounded.
The six-headed hydra roars!
You hear a shout!
Your battlesphere fires!
The barrage of energy hits the six-headed hydra.
The six-headed hydra is moderately wounded.
The six-headed hydra bites you!
* * * LOW HITPOINT WARNING * * *
The six-headed hydra bites you!
You die...

#.........#
#.....#...#
#u....#...#
#.........#
##....†..###
#.u.....%.#
....###)?##
..# ##).# #
#.D@# #..*#
#####


You could see a six-headed hydra, a green ugly thing (wandering) and a friendly
battlesphere.

Vanquished Creatures
  The ghost of tijit the Carver, a journeyman TeFE of Kikubaaqudgha (D:11)
  Pikel (D:7)
  A manticore (D:11)
  A cyclops (D:10)
  Maurice (D:8)
  The ghost of NervFog the Sneak, a novice VSMo (D:5)
  A queen bee (D:8)
  Prince Ribbit (D:5)
  Sigmund (D:5)
  A wyvern (D:7)
  8 yaks
  2 hippogriffs
  A soldier ant (D:11)
  Duvessa (D:7)
  2 slaves (D:7)
  2 ice beasts
  A sky beast (D:11)
  3 orc warriors
  2 centaurs
  4 ogres
  2 crocodiles (D:9)
  A big kobold (D:9)
  Blork the orc (D:5)
  4 giant frogs
  Dowan (D:7)
  3 scorpions
  14 killer bees (D:8)
  8 wights (D:11)
  A howler monkey (D:6)
  4 crimson imps
  2 orc priests
  5 hounds
  5 orc wizards
  3 jellies
  A giant frog skeleton (D:5)
  Jessica (D:3)
  An iguana (D:7)
  3 worker ants (D:4)
  A hound zombie (D:8)
  7 adders
  4 gnolls
  A howler monkey skeleton (D:4)
  3 river rats (D:9)
  2 shadow imps
  2 oozes
  2 adder skeletons
  A dart slug (D:1)
  6 giant geckos
  22 orcs
  4 ball pythons
  4 giant cockroaches
  8 goblins
  3 hobgoblins
  10 jackals
  2 quokkas (D:7)
  16 bats
  A giant cockroach zombie (D:5)
  A giant gecko zombie (D:7)
  6 giant newts
  11 kobolds
  9 rats
222 creatures vanquished.

Vanquished Creatures (collateral kills)
  Grum (D:11)
1 creature vanquished.

Vanquished Creatures (others)
  4 wolves (D:11)
  A giant frog (D:11)
  A howler monkey (D:11)
  An iguana (D:11)
  A dart slug (D:4)
  A jackal (D:1)
  A fungus (D:9)
  A plant (D:9)
11 creatures vanquished.

Grand Total: 234 creatures vanquished

Notes
Turn   | Place    | Note
-------+----------+-------------------------------------------
     0 | D:1      | PurpleRed the Deep Elf Conjurer began the quest for the Orb.
     0 | D:1      | Reached XP level 1. HP: 10/10 MP: 6/6
   224 | D:1      | Reached XP level 2. HP: 13/15 MP: 5/8
   615 | D:1      | Reached skill level 5 in Conjurations
   738 | D:1      | Learned a level 2 spell: Searing Ray
   951 | D:2      | Reached XP level 3. HP: 19/19 MP: 2/10
  1035 | D:2      | Found a white marble altar of Elyvilon.
  1116 | D:2      | Found an oddly glowing altar of Pakellas.
  1463 | D:3      | Reached XP level 4. HP: 18/24 MP: 3/12
  1626 | D:3      | Reached skill level 6 in Conjurations
  1770 | D:3      | Noticed Jessica
  1774 | D:3      | Killed Jessica
  1774 | D:3      | Reached XP level 5. HP: 28/28 MP: 7/14
  1784 | D:3      | Learned a level 4 spell: Iskenderun's Mystic Blast
  1790 | D:3      | Learned a level 5 spell: Iskenderun's Battlesphere
  1917 | D:3      | Found a radiant altar of Vehumet.
  1939 | D:3      | Became a worshipper of Vehumet
  2268 | D:3      | Reached skill level 5 in Spellcasting
  2422 | D:4      | Reached skill level 1 in Charms
  2451 | D:4      | Found a white marble altar of Elyvilon.
  2566 | D:4      | Reached XP level 6. HP: 32/32 MP: 5/16
  2616 | D:4      | Got a shimmering leather armour
  2627 | D:4      | Identified the cursed +1 leather armour of Listlessness {rPois MR+} (You found it on level 4 of the Dungeon)
  2788 | D:4      | Found an iron altar of Okawaru.
  3131 | D:5      | Entered Level 5 of the Dungeon
  3131 | D:5      | Found a staircase to the Ecumenical Temple.
  3141 | D:5      | Reached skill level 7 in Conjurations
  3143 | D:5      | Noticed Prince Ribbit
  3145 | Temple   | Entered the Ecumenical Temple
  3188 | D:5      | Killed Prince Ribbit
  3188 | D:5      | Reached XP level 7. HP: 36/36 MP: 6/18
  3271 | D:5      | Noticed NervFog's ghost (novice VSMo)
  3286 | D:5      | Killed NervFog's ghost
  3286 | D:5      | Reached skill level 8 in Conjurations
  3493 | D:5      | Noticed Sigmund
  3503 | D:5      | Killed Sigmund
  3503 | D:5      | Reached skill level 5 in Charms
  3503 | D:5      | Reached XP level 8. HP: 40/41 MP: 6/20
  3674 | D:5      | Noticed Blork the orc
  3677 | D:5      | Killed Blork the orc
  3786 | D:5      | Reached skill level 9 in Conjurations
  3795 | D:5      | Found a hazy altar of Hepliaklqana.
  3823 | D:5      | Reached * piety under Vehumet
  3823 | D:5      | Offered knowledge of Freeze by Vehumet.
  4054 | D:6      | You fall through a shaft for 3 floors!
  4060 | D:9      | Found a shattered altar of Ashenzari.
  4118 | D:9      | Found a deep blue altar of Sif Muna.
  4169 | D:9      | Reached skill level 10 in Conjurations
  4359 | D:9      | Found Xykhueleda's Antique Armour Shoppe.
  4519 | D:9      | Reached XP level 9. HP: 45/45 MP: 12/23
  4719 | D:7      | Found a stormy altar of Qazlal.
  4788 | D:7      | Found a shimmering altar of Xom.
  4791 | D:7      | Reached ** piety under Vehumet
  4791 | D:7      | Offered knowledge of Throw Frost by Vehumet.
  4803 | D:7      | Found a sacrificial altar of Ru.
  4880 | D:7      | Noticed Pikel
  4901 | D:7      | Killed Pikel
  4901 | D:7      | Reached skill level 11 in Conjurations
  4945 | D:7      | Found a glowing golden altar of the Shining One.
  4981 | D:7      | Noticed Duvessa
  4983 | D:7      | Noticed Dowan
  4992 | D:7      | Killed Duvessa
  4999 | D:7      | Killed Dowan
  5147 | D:7      | Found a hazy altar of Hepliaklqana.
  5455 | D:7      | Reached skill level 10 in Spellcasting
  5464 | D:7      | Found a basalt altar of Yredelemnul.
  5464 | D:7      | Found an ancient bone altar of Kikubaaqudgha.
  5513 | D:7      | Reached skill level 12 in Conjurations
  5719 | D:8      | Noticed a queen bee
  5733 | D:8      | Noticed Maurice
  5736 | D:8      | Killed Maurice
  5866 | D:8      | Reached XP level 10. HP: 50/50 MP: 18/26
  5888 | D:8      | Offered knowledge of Throw Flame by Vehumet.
  5892 | D:8      | Learned a level 2 spell: Throw Flame
  5945 | D:8      | Reached skill level 1 in Fire Magic
  6249 | D:9      | Reached *** piety under Vehumet
  6408 | D:9      | Found a staircase to the Lair.
  6429 | Lair:1   | Entered Level 1 of the Lair of Beasts
  6448 | D:10     | Entered Level 10 of the Dungeon
  6456 | D:10     | Reached skill level 13 in Conjurations
  6500 | D:10     | Got an ancient bronze ring
  6505 | D:10     | Identified the ring "Icunned" {Ice rPois Int+3} (You found it on level 10 of the Dungeon)
  6841 | D:10     | Noticed a cyclops
  6858 | D:10     | Killed a cyclops
  7021 | D:10     | Offered knowledge of Inner Flame by Vehumet.
  7101 | D:11     | Noticed a manticore
  7104 | D:11     | Reached skill level 5 in Fire Magic
  7115 | D:11     | Killed a manticore
  7167 | D:11     | Noticed tijit's ghost (journeyman TeFE)
  7236 | D:11     | Killed tijit's ghost
  7236 | D:11     | Reached XP level 11. HP: 54/54 MP: 7/28
  7367 | D:11     | Noticed PurpleRed's ghost (journeyman HuBe)
  7367 | D:11     | Reached **** piety under Vehumet
  7438 | D:11     | Noticed Grum
  7451 | D:11     | Noticed a green ugly thing
  7474 | D:11     | Killed Grum
  7486 | D:11     | Noticed a six-headed hydra
  7494 | D:11     | Reached skill level 14 in Conjurations
  7501 | D:11     | Slain by a six-headed hydra

Vault maps used:
D:1:      minmay_arrival_three_doors, lemuel_old_faithful
D:2:      overflow_temple_1_default, grunt_pakellas_salt
D:3:      nicolae_overflow_crystal_walls, kennysheep_generic_room_15,
          uniq_jessica
D:4:      overflow_temple_1_default, first_bread, elyvilon_altar_4
D:5:      kennysheep_mini, kennysheep_generic_room_8, uniq_sigmund,
          uniq_prince_ribbit1, uniq_blork_the_orc
D:6:      serial_glass, glass_columns_b, glass_columns_a
D:7:      overflow_temple_1_default, nicolae_tso_swordbearing_angel,
          nicolae_ru_sacrificial_ziggurat, nicolae_qazlal_style_of_elements,
          gammafunk_temple_overflow_pools, kennysheep_flooded_box,
          roderic_aztec_sauvastika, uniq_duvessa, uniq_pikel
D:8:      david_nohive_1, uniq_maurice
D:9:      led_sif_book, grunt_lair_entry_orc_guard_hut, serial_shops, shop,
          basic_altar, hangedman_abyss_or_decor_lesser_grid
D:11:     uniq_grum
Temple:   minmay_freezing_vapour_temple
Lair:1:   guppyfry_lair_drakes

Skill      XL: |  1  2  3  4  5  6  7  8  9 10 11 |
---------------+----------------------------------+-----
Conjurations   | 5 6 7 8 10 12 13 14 | 14.0
Spellcasting   | 4 5 6 7 8 10 11 | 11.8
Charms         | 2 3 5 6 |  6.0
Fire Magic     | 6 |  6.6
Dodging        | |  2.4
Stealth        | |  2.4

Action                   |  1- 3 |  4- 6 |  7- 9 | 10-12 || total
-------------------------+-------+-------+-------+-------++-------
Melee: Whip              |    18 |     3 |       |       ||    21
       Flail             |       |    19 |       |       ||    19
       Spear             |       |       |     1 |       ||     1
       Dagger            |       |       |    10 |     3 ||    13
 Fire: Shortbow          |       |       |     3 |       ||     3
Throw: Tomahawk          |     3 |     2 |       |       ||     5
 Cast: Magic Dart        |    89 |    60 |   103 |    75 ||   327
       Searing Ray       |     3 |    12 |    19 |    14 ||    48
       Iskenderun's Batt |       |       |    28 |    22 ||    50
       Iskenderun's Myst |       |       |     1 |     8 ||     9
Evoke: Wand              |       |       |       |    15 ||    15
  Use: Potion            |     2 |       |     1 |     4 ||     7
       Scroll            |       |    11 |    12 |     3 ||    26
  Eat: Chunk             |     2 |     3 |    11 |     5 ||    21
       Royal jelly       |       |     1 |       |       ||     1
       Pizza             |       |       |     2 |     1 ||     3
Armor: Robe              |     4 |     9 |    15 |     9 ||    37
       Leather armour    |       |       |     5 |       ||     5
       Skin              |       |       |       |     6 ||     6
Dodge: Dodged            |    38 |    29 |    54 |    30 ||   151
